 Dungeon Crawl Stone Soup version 0.19.5 (webtiles) character file.

1141 Gargoyl the Covered (level 8, -3/67 HPs)
             Began as a Ghoul Abyssal Knight on May 6, 2017.
             Was a Priest of Lugonu.
             Slain by an orc warrior
             ... wielding a +0 dire flail
              (7 damage)
             ... on level 4 of the Dungeon.
             The game lasted 00:12:41 (5335 turns).

Gargoyl the Covered (Ghoul Abyssal Knight)          Turns: 5335, Time: 00:12:42

Health: -3/67      AC: 11    Str: 21      XL:     8   Next: 37%
Magic:  10/10      EV:  8    Int:  7      God:    Lugonu [***...]
Gold:   195        SH:  4    Dex:  9 (10) Spells: 0 memorised, 7 levels left

rFire  . . .     SeeInvis .     B - +0 war axe
rCold  + . .     Gourm    .     A - +0 chain mail
rNeg   + + +     Faith    .     d - +0 buckler
rPois  ∞         Spirit   .     (no helmet)
rElec  .         Reflect  .     (no cloak)
rCorr  .         Harm     .     (no gloves)
MR     .....                    C - +0 pair of boots
Stlth  ..........               (no amulet)
                                (no ring)
                                (no ring)

@: mighty, rotting
A: rotting body, claws 1, carnivore 3, cold resistance 1, negative energy
resistance 3, slow regeneration 1, torment resistance, unbreathing
a: Depart the Abyss, Bend Space, Banish, Renounce Religion


You were on level 4 of the Dungeon.
You worshipped Lugonu.
Lugonu was most pleased with you.
You were not hungry.

You visited 1 branch of the dungeon, and saw 5 of its levels.
You visited the Abyss 1 time.
You also visited: Sewer.

You collected 195 gold pieces.

Inventory:

Hand Weapons
 a - a +2 hand axe
 j - a +0 spear
 B - a +0 war axe (weapon)
Missiles
 g - 4 javelins (quivered)
Armour
 d - a +0 buckler (worn)
 h - a +1 pair of boots
 A - a +0 chain mail (worn)
 C - a +0 pair of boots (worn)
Wands
 b - a wand of confusion (48/48)
Scrolls
 f - 8 scrolls of identify
 l - a scroll of blinking
 m - a scroll of remove curse
 n - 4 scrolls of magic mapping
 p - a scroll of fog
 y - 4 scrolls of recharging
Potions
 e - 2 potions of lignification
 o - 2 potions of curing
 r - 2 potions of agility {unknown}
 s - a potion of ambrosia {unknown}
 t - 2 potions of degeneration {unknown}
 w - a potion of flight {unknown}
 x - 2 potions of might
 z - 2 potions of brilliance {unknown}
Comestibles
 c - 2 meat rations
 q - 2 slices of pizza
 v - 2 beef jerkies


   Skills:
 + Level 4.8 Fighting
 + Level 4.3 Axes
 * Level 5.0 Armour
 + Level 2.6 Dodging
 * Level 2.9 Shields
 * Level 4.7 Invocations


You had 7 spell levels left.
You didn't know any spells.

Dungeon Overview and Level Annotations

Branches:
Dungeon (5/15)
 Temple: D:4-7

Altars:
Okawaru


Innate Abilities, Weirdness & Mutations

Your body is rotting away.
You thrive on raw meat.
You are immune to poison.
You have sharp fingernails.
You are carnivorous and can eat meat at any time.
Your flesh is cold resistant. (rC+)
You are immune to negative energy. (rN+++)
You regenerate slowly when monsters are visible.
You are immune to unholy pain and torment.
You can survive without breathing.


Message History

You slash the orc warrior!
The orc warrior is almost dead.
The orc warrior hits you with a dire flail!
You closely miss the orc warrior.
The orc warrior is almost dead.
The orc warrior hits you with a dire flail!!
The orc warrior hits you with a dire flail.
* * * LOW HITPOINT WARNING * * *
You closely miss the orc warrior.
The orc warrior is almost dead.
You block the orc warrior's attack.
You closely miss the orc warrior.
The orc warrior is almost dead.
The orc warrior hits you with a dire flail!
* * * LOW HITPOINT WARNING * * *
Okay, then.
Your chain mail prevents you from hitting the orc warrior.
The orc warrior is almost dead.
The orc warrior hits you with a dire flail!
You die...

*********######### #.....####
,*,,,,,,,#...)...# #.........
,*,*,*,*.#.#.#.#.### #...#.♣.♣.
,,,,,,,,.....h.a...# #.........
*****+**##########.# #...♣.♣.♣.
,**,,,,,,,,*#..###.# #.....)_..
,*,,,,.....##..##..# #...♣.♣.♣.
,*,*,*#....##..##.######......)..
,*,*,##....##..#@......'...#.♣.♣.
,*,*,#.....##..#o#######.[.......
,*,*,#.#...##..#.#...# ##.[......
,*,*,#.#...##..#.....# #[#####..
,*,#.#.#....#..#.....####.# #..
,*,#.#.##.#....#.##.......#####..
,,,#.#......#.........##......#..
####.#..#.#.#..#(#######...##.#..
...#....#.#.#..#.#.........[#.#>.


You could see an orc warrior.

Vanquished Creatures
  Eustachio (D:4)
  A phantom (D:4)
  An ogre (D:4)
  A big kobold (Sewer)
  3 scorpions (D:4)
  A hound (D:5)
  A jelly (D:5)
  2 orc priests
  4 orc wizards
  4 worker ants
  4 gnolls
  8 adders
  A shadow imp (D:4)
  2 oozes
  3 worms
  A dart slug (D:1)
  2 leopard geckos (D:4)
  11 orcs
  7 giant cockroaches
  6 hobgoblins
  9 jackals
  A quokka (D:5)
  3 ball pythons
  9 bats
  7 frilled lizards
  5 goblins
  15 kobolds
  9 rats
122 creatures vanquished.

Vanquished Creatures (others)
  An ogre (D:5)
1 creature vanquished.

Grand Total: 123 creatures vanquished

Notes
Turn   | Place    | Note
-------+----------+-------------------------------------------
     0 | Abyss:1  | Gargoyl the Ghoul Abyssal Knight began the quest for the Orb.
     0 | Abyss:1  | Reached XP level 1. HP: 19/19 MP: 1/1
   129 | Abyss:1  | Noticed a large abomination
   146 | Abyss:1  | Noticed a large abomination
   149 | Abyss:1  | Noticed a small abomination
   151 | D:1      | Escaped the Abyss
   306 | D:1      | Reached skill level 1 in Dodging
   488 | D:1      | Reached XP level 2. HP: 23/26 MP: 2/2
   496 | D:1      | Reached * piety under Lugonu
   633 | D:1      | Reached XP level 3. HP: 29/33 MP: 3/3
   758 | D:1      | Reached skill level 2 in Armour
  1003 | D:2      | Reached XP level 4. HP: 34/40 MP: 4/4
  1307 | D:2      | Reached skill level 1 in Shields
  1759 | D:2      | Reached XP level 5. HP: 45/46 MP: 6/6
  2129 | D:3      | Reached ** piety under Lugonu
  2674 | D:4      | Found a glowing drain.
  2683 | Sewer    | Entered a sewer
  2867 | Sewer    | Noticed a big kobold
  2878 | Sewer    | Killed a big kobold
  2878 | Sewer    | Reached skill level 3 in Armour
  2878 | Sewer    | Reached XP level 6. HP: 42/51 MP: 7/7
  3087 | D:4      | Found an iron altar of Okawaru.
  3277 | D:4      | Noticed a phantom
  3356 | D:4      | Killed a phantom
  3356 | D:4      | Reached XP level 7. HP: 17/59 MP: 8/8
  4205 | D:4      | Reached *** piety under Lugonu
  4205 | D:4      | Reached skill level 4 in Armour
  4305 | D:5      | Entered Level 5 of the Dungeon
  4875 | D:5      | Reached XP level 8. HP: 44/67 MP: 10/10
  5154 | D:4      | Noticed Eustachio
  5206 | D:4      | Killed Eustachio
  5206 | D:4      | Reached skill level 5 in Armour
  5328 | D:4      | HP: 2/67 [orc warrior/dire flail (19)]
  5335 | D:4      | Slain by an orc warrior

Skill      XL: |  1  2  3  4  5  6  7  8 |
---------------+-------------------------+-----
Dodging        | 1 2 |  2.6
Axes           | 2 3 4 |  4.3
Armour         | 2 3 4 5 |  5.0
Shields        | 1 2 |  2.9
Invocations    | 3 4 |  4.7
Fighting       | 4 |  4.8

Action                   |  1- 3 |  4- 6 |  7- 9 || total
-------------------------+-------+-------+-------++-------
Melee: Hand axe          |    75 |   269 |    68 ||   412
       War axe           |       |       |   125 ||   125
Throw: Javelin           |       |       |     1 ||     1
Invok: Depart the Abyss  |     1 |       |       ||     1
       Banish            |       |       |     2 ||     2
  Use: Scroll            |     7 |     5 |     4 ||    16
       Potion            |       |       |     9 ||     9
  Eat: Chunk             |    13 |    22 |    32 ||    67
Armor: Leather armour    |     6 |       |       ||     6
       Ring mail         |    27 |    98 |    63 ||   188
       Chain mail        |       |       |   111 ||   111
Dodge: Dodged            |    55 |   162 |   156 ||   373
Block: Buckler           |     8 |    41 |    55 ||   104
